Map: Primeval Wilds

Players

RYAN

  • Race: Terran Terran
  • Spawn Location: 3:00

Infamous

  • Race: Protoss Protoss
  • League: Silver
  • Spawn Location: 12:00

kykyo

  • Race: Zerg Zerg
  • League: Platinum
  • Spawn Location: 9:00

Rezman

  • Race: Zerg Zerg
  • Spawn Location: 12:00

JuryBoika - Winner!

  • Race: Zerg Zerg
  • League: Platinum
  • Spawn Location: 6:00

NÉMESIS - Winner!

  • Race: Terran Terran
  • League: Platinum
  • Spawn Location: 6:00

Itek - Winner!

  • Race: Terran Terran
  • Spawn Location: 7:00

Tigger - Winner!

  • Race: Terran Terran
  • Spawn Location: 5:00

VOD

Have the link to the VOD?

Description

Time

  • Played on: March 14, 2018, 10:32 a.m.
  • Length: 10:36
Show
View Real Time Build Order
Export as new Build Order

RYAN Terran 

Build Orders:  

Get SALT Encoding   

Show
View Real Time Build Order
Export as new Build Order

Infamous Protoss 

Build Orders:  

Get SALT Encoding   

  12  0:01  Probe  
  13  0:15  Pylon  
  13  0:17  Probe  
  14  0:29  Probe (Chrono Boost)  
  14  0:34  Gateway  
  15  0:41  Probe (Chrono Boost)  
  16  0:49  Probe (Chrono Boost)  
  17  0:56  Assimilator  
  17  0:57  Probe  
  17  1:01  Pylon  
  18  1:09  Probe  
  19  1:22  Cybernetics Core  
  18  1:26  Probe  
  18  1:30  Zealot  
  21  1:38  Probe (Chrono Boost)  
  23  1:47  Probe (Chrono Boost), Forge  
  23  1:54  Warp Gate (Chrono Boost)  
  23  1:58  Stalker  
  25  2:01  Probe  
  25  2:06  Pylon  
  26  2:25  Probe  
  26  2:26  Assimilator  
  27  2:39  Probe  
  28  2:49  Robotics Facility  
  28  2:52  Probe  
  28  2:53  Stalker  
  31  3:11  Probe  
  32  3:21  Gateway  
  32  3:24  Gateway  
  32  3:26  Gateway  
  32  3:27  Probe  
  33  3:37  Nexus  
  33  3:42  Pylon  
  33  3:44  Probe  
  33  3:46  Observer  
  35  3:53  Protoss Ground Armor Level 1 (Chrono Boost)  
  35  4:04  Sentry  
  37  4:15  Probe  
  38  4:23  Immortal  
  42  4:32  Stalker x2  
  46  4:58  Shield Battery  
  46  5:01  Photon Cannon  
  46  5:09  Probe  
  46  5:11  Zealot  
  46  5:12  Zealot  
  46  5:13  Zealot x2  
  37  5:39  Stalker x3  
  37  5:40  Stalker  
  41  5:44  Immortal  
  41  6:11  Pylon, Zealot  
  41  6:12  Zealot x3  
  41  6:15  Pylon  
  49  6:35  Stalker  
  49  6:36  Stalker x3  
  57  6:44  Gateway x2  
  57  6:46  Assimilator  
  57  6:47  Gateway  
  57  6:49  Probe x2  
  57  6:50  Assimilator  
  59  7:04  Zealot  
  59  7:06  Sentry  
  59  7:07  Sentry x2  
  65  7:25  Stalker  
  65  7:29  Pylon  
  30  8:28  Zealot x5  
  30  8:29  Zealot  
Show
View Real Time Build Order
Export as new Build Order

kykyo Zerg 

Build Orders: Hatch First 

Get SALT Encoding   

  12  0:02  Drone  
  13  0:13  Drone  
  14  0:23  Extractor x2, Drone x2  
  16  0:30  Overlord  
  16  0:48  Drone x2  
  18  1:03  Hatchery  
  17  1:11  Extractor, Drone x2  
  18  1:28  Spawning Pool  
  17  1:34  Overlord  
  17  1:44  Drone x2  
  19  1:48  Extractor  
  19  1:52  Overlord  
  18  2:01  Drone  
  19  2:15  Queen  
  19  2:16  Metabolic Boost  
  19  2:21  Drone  
  22  2:36  Drone x2  
  24  2:49  Evolution Chamber  
  23  2:52  Evolution Chamber  
  22  2:58  Lair  
  22  3:03  Drone  
  22  3:04  Drone x3  
  26  3:13  Queen  
  28  3:24  Zerg Missile Weapons Level 1  
  28  3:36  Drone  
  28  3:37  Drone x4  
  28  3:39  Drone  
  34  3:41  Extractor  
  34  3:44  Drone  
  34  3:45  Extractor  
  33  3:49  Drone  
  34  3:55  Spore Crawler  
  34  4:00  Spore Crawler  
  32  4:08  Zerg Ground Armor Level 1  
  32  4:13  Overlord  
  32  4:26  Zergling x2  
  32  4:27  Zergling x10  
  38  4:39  Drone  
  38  4:40  Drone x2  
  38  4:41  Drone  
  38  4:42  Drone  
  43  5:04  Zergling x10  
  43  5:05  Zergling x4  
  46  5:21  Zergling x8, Baneling Nest  
Show
View Real Time Build Order
Export as new Build Order

Rezman Zerg 

Build Orders: Pool First 

Get SALT Encoding   

  12  0:09  Overlord  
  12  0:29  Spawning Pool  
  12  0:31  Drone  
  12  0:42  Extractor  
  11  0:54  Drone x3  
  14  1:07  Drone  
  15  1:17  Extractor  
  15  1:18  Drone  
  15  1:34  Drone  
  16  1:46  Drone  
  17  1:58  Drone  
  17  1:59  Hatchery  
  17  2:01  Overlord  
  17  2:08  Pneumatized Carapace  
  17  2:24  Drone x2  
  17  2:27  Metabolic Boost  
  19  2:46  Drone x2  
  21  3:05  Lair  
  21  3:09  Drone x2  
  23  3:15  Drone  
  23  3:17  Queen  
  26  3:30  Zergling x4  
  28  3:34  Drone x2  
  28  3:39  Overlord  
  30  3:48  Drone  
  31  3:51  Drone  
  32  4:12  Queen  
  34  4:27  Nydus Network  
  34  4:30  Zergling x6  
  36  4:37  Overlord x2  
  36  4:43  Hydralisk Den  
  35  5:01  Zergling x4  
  35  5:02  Zergling x2  
  38  5:17  Muscular Augments  
  38  5:20  Zergling x2  
  39  5:29  Nydus Canal  
  39  5:33  Hydralisk  
  39  5:34  Hydralisk x3  
  26  6:07  Hydralisk x2  
  26  6:08  Hydralisk  
  26  6:10  Hydralisk x2  
  26  6:11  Hydralisk x2  
  23  7:16  Spawning Pool  
  9  8:08  Zergling x6  
  9  8:10  Queen  
  8  9:07  Extractor  
  7  9:10  Extractor  
Show
View Real Time Build Order
Export as new Build Order

JuryBoika Zerg - Winner!

Build Orders: Hatch First, Swarm Host 

Get SALT Encoding   

  12  0:02  Drone  
  13  0:19  Drone  
  14  0:23  Extractor  
  14  0:27  Extractor, Drone x2  
  16  0:53  Hatchery  
  15  1:01  Extractor  
  15  1:03  Spawning Pool  
  13  1:05  Drone  
  14  1:33  Overlord  
  14  1:37  Extractor  
  14  1:38  Drone  
  15  1:49  Overlord  
  15  1:52  Drone  
  16  1:56  Drone  
  17  2:07  Drone x2  
  19  2:18  Drone x2  
  19  2:20  Queen  
  19  2:22  Queen  
  25  2:28  Metabolic Boost  
  25  2:34  Overlord  
  25  2:44  Overlord  
  25  2:52  Drone  
  25  2:53  Drone x3  
  29  3:00  Drone  
  29  3:04  Drone  
  31  3:10  Drone  
  32  3:15  Drone  
  33  3:22  Drone  
  34  3:29  Hatchery  
  33  3:37  Zergling x12  
  39  3:54  Drone  
  39  3:55  Drone x3  
  43  4:00  Drone  
  44  4:06  Extractor, Lair  
  44  4:09  Extractor  
  42  4:10  Extractor  
  42  4:12  Drone x3  
  42  4:16  Overlord x2  
  42  4:17  Overlord  
  44  4:21  Overlord  
  44  4:51  Drone x6  
  44  4:52  Drone x4  
  54  4:53  Drone  
  55  5:06  Queen  
  51  5:46  Zergling x10  
  51  5:47  Zergling x14  
  63  5:53  Infestation Pit  
  59  6:12  Queen  
  59  6:17  Zergling x8  
  65  6:29  Zergling x2  
  65  6:30  Zergling x14  
  62  7:07  Swarm Host  
  62  7:08  Swarm Host x5  
  67  8:16  Swarm Host x5  
  82  8:36  Overlord x3  
  82  8:37  Overlord x4  
  81  8:44  Queen  
  79  9:26  Swarm Host  
  79  9:27  Swarm Host x14  
  124  9:44  Swarm Host  
  124  9:45  Swarm Host x3  
Show
View Real Time Build Order
Export as new Build Order

NÉMESIS Terran - Winner!

Build Orders: MMM Bio 

Get SALT Encoding   

  12  0:01  SCV  
  13  0:13  SCV  
  14  0:22  Supply Depot  
  14  0:25  SCV  
  15  0:44  SCV  
  15  0:45  Barracks  
  15  0:49  Refinery  
  16  0:52  Refinery  
  16  0:56  SCV  
  17  1:08  SCV  
  18  1:19  Barracks  
  18  1:20  SCV  
  19  1:32  SCV  
  20  1:38  Barracks  
  20  1:44  SCV  
  21  1:58  Factory  
  21  2:01  SCV  
  21  2:06  Barracks Tech Lab  
  22  2:17  Supply Depot  
  22  2:19  Barracks Reactor  
  23  2:22  SCV  
  23  2:30  Stimpack  
  23  2:34  Barracks Reactor  
  23  2:42  Marine  
  24  2:49  Starport  
  24  2:52  Factory Tech Lab  
  24  2:57  Marine  
  25  3:05  Orbital Command  
  25  3:08  Marine  
  25  3:11  Marine  
  27  3:14  Marine  
  28  3:25  Siege Tank  
  31  3:29  Starport Reactor  
  31  3:37  Marine  
  31  3:40  Supply Depot  
  32  3:41  Marine  
  32  3:44  Marine  
  32  3:48  Marine  
  35  4:02  Supply Depot  
  35  4:08  Medivac x2  
  39  4:19  Siege Tank  
  39  4:23  Marine  
  43  4:24  Marine  
  43  4:27  Marine  
  45  4:34  Combat Shields  
  45  4:37  Marine  
  46  4:42  Marine  
  46  4:43  Marine  
  48  4:55  Medivac  
  48  4:56  Marine  
  48  4:57  Marine  
  48  4:58  Marine  
  50  5:20  Marine  
  50  5:21  Marine  
  51  5:22  Medivac  
  52  5:43  Medivac  
  52  5:44  Marine  
  55  5:50  Marine x4  
  55  5:51  Medivac  
  57  6:02  Marine  
  53  6:07  Marine x2  
  53  6:08  Marine x2  
  57  6:13  Medivac  
  59  6:20  Marine  
  59  6:25  Marine x4  
  60  6:30  Medivac  
  61  6:38  Marine  
  62  6:43  Marine x2  
  64  7:28  Marine x5  
  64  7:30  Medivac x2  
  65  7:46  Marine x5  
  70  8:03  Marine  
  71  8:07  Marine x4, Medivac, Supply Depot  
  77  8:21  Marine  
  77  8:24  Marine  
  77  8:25  Marine  
  77  8:29  Medivac  
  77  8:30  Marine  
  77  8:31  Marine  
  81  8:37  Medivac  
  81  8:39  Marine  
  84  8:59  Medivac  
  86  9:06  Marine  
  87  9:11  Command Center  
  86  9:52  Marine  
  87  10:24  Supply Depot  
  87  10:25  Supply Depot  
  87  10:27  Supply Depot  
Show
View Real Time Build Order
Export as new Build Order

Itek Terran - Winner!

Build Orders:  

Get SALT Encoding   

  12  0:02  SCV  
  13  0:18  SCV  
  14  0:27  Supply Depot  
  14  0:31  SCV  
  15  0:48  SCV  
  16  0:50  Barracks  
  16  1:00  SCV, Engineering Bay  
  17  1:12  SCV  
  18  1:24  SCV  
  19  1:27  Supply Depot  
  19  1:37  SCV  
  20  1:42  Barracks  
  20  1:45  Marine  
  21  2:03  Marine, Missile Turret  
  21  2:06  SCV  
  23  2:18  SCV  
  23  2:20  Marine  
  25  2:23  Missile Turret  
  25  2:30  Barracks  
  25  2:31  Marine, SCV  
  27  2:38  Marine  
  27  2:43  Missile Turret  
  28  2:49  Marine  
  29  2:56  Marine  
  30  3:06  Missile Turret, SCV  
  31  3:20  Supply Depot  
  31  3:31  Refinery  
  31  3:35  Missile Turret  
  31  3:42  Refinery  
  31  3:47  Supply Depot  
  31  3:48  Marine x3  
  33  3:53  Missile Turret  
  34  4:14  Supply Depot  
  34  4:18  Marine x3  
  37  4:35  Marine  
  37  4:36  Marine x2, Missile Turret  
  40  4:51  Supply Depot  
  40  4:53  Marine  
  40  4:54  Marine x2  
  40  4:58  Sensor Tower  
  35  6:43  Barracks Reactor x3  
  33  6:52  Factory  
  33  6:58  Supply Depot  
  33  7:20  Supply Depot  
  33  7:23  Marine x3  
  33  7:24  Marine x3  
  39  7:41  Marine x4  
  39  7:42  Marine x2  
  39  7:43  Supply Depot  
  45  7:59  Marine x4  
  45  8:00  Marine x2  
  49  8:16  Marine  
  49  8:17  Marine x3, Barracks  
  49  8:19  Marine x2  
  55  8:21  Factory Reactor  
  55  8:29  Factory  
  55  8:34  Marine x2  
  55  8:35  Marine x2  
  55  8:37  Marine x2  
  61  8:52  Marine x2  
  61  8:53  Marine x2  
  61  8:54  Marine  
  61  8:55  Marine  
  63  9:10  Marine x4  
  63  9:12  Marine  
  63  9:15  Barracks Reactor  
  68  9:19  Supply Depot  
  68  9:28  Marine x2  
  70  9:41  Supply Depot  
  70  10:22  Command Center  
Show
View Real Time Build Order
Export as new Build Order

Tigger Terran - Winner!

Build Orders:  

Get SALT Encoding   

  12  0:17  Supply Depot  
  12  0:24  SCV  
  13  0:30  Refinery  
  13  0:36  SCV  
  13  0:38  Refinery  
  14  0:48  SCV  
  15  1:00  SCV  
  16  1:05  Engineering Bay  
  16  1:18  SCV  
  17  1:27  Barracks  
  17  1:46  Planetary Fortress  
  17  1:59  Missile Turret  
  17  2:23  Barracks Reactor  
  17  2:29  Supply Depot  
  17  2:34  Hi-Sec Auto Tracking  
  17  3:02  Reaper x2  
  19  3:07  Supply Depot  
  19  3:24  Factory  
  19  3:34  Reaper x2  
  20  3:37  Missile Turret  
  21  3:42  SCV  
  22  3:54  SCV  
  19  5:02  Factory Reactor  
  19  5:10  Marine x2  
  21  5:14  Bunker  
  21  5:28  Marine x2  
  23  5:38  Building Armor  
  23  5:43  Cyclone x2  
  29  6:12  Bunker  
  29  6:14  Factory  
  29  6:23  Supply Depot  
  29  6:40  Cyclone x2  
  29  6:41  Armory  
  32  8:19  Terran Vehicle Weapons Level 1  
  32  8:26  Armory  
  32  8:34  Supply Depot  
  32  8:47  Factory Reactor  
  32  8:51  Factory Tech Lab  
  32  9:11  Cyclone  
  32  9:12  Cyclone  
  32  9:15  Siege Tank  
  41  9:44  Supply Depot  
  41  10:20  Supply Depot  
Tags
 
Add a new tag
Caveats
  • Supply blocks, unpowered buildings, or Contaminate may cause inaccurate times.
  • Supply counts are checked every 10 seconds.